 Dungeon Crawl Stone Soup version 0.19-a0-1035-gdbfb0c6 (webtiles) character file.

24 Gagarin the Firebug (level 3, -1/19 HPs)
             Began as a Kobold Fire Elementalist on July 29, 2016.
             Killed from afar by Natasha (6 damage)
             ... with a magic dart
             ... on level 2 of the Dungeon.
             The game lasted 00:04:22 (1085 turns).

Gagarin the Firebug (Kobold Fire Elementalist)      Turns: 1085, Time: 00:04:22

Health: -1/19      AC:  2    Str:  6    XL:     3   Next: 15%
Magic:  0/6        EV: 16    Int: 14    God:
Gold:   21         SH:  0    Dex: 16    Spells: 2 memorised, 3 levels left

rFire  . . .     SeeInvis .     l - +0 dagger
rCold  . . .     Gourm    .     a - +0 robe
rNeg   . . .     Faith    .     (shield restricted)
rPois  .         Spirit   .     (no helmet)
rElec  .         Dismiss  .     (no cloak)
rCorr  .         Reflect  .     (no gloves)
SustAt .         Harm     .     (no boots)
MR     .....                    (no amulet)
Stlth  ++........               (no ring)
                                (no ring)

@: not resistant to hostile enchantments, unstealthy
A: carnivore 3
a: no special abilities


You were on level 2 of the Dungeon.
You were completely stuffed.

You visited 1 branch of the dungeon, and saw 2 of its levels.

You collected 21 gold pieces.

Inventory:

Hand Weapons
 l - a +0 dagger (weapon)
Armour
 a - a +0 robe (worn)
Jewellery
 h - a +1 ring of evasion {unknown}
Scrolls
 d - a scroll of random uselessness {unknown}
 e - 2 scrolls of amnesia {unknown}
 f - a scroll of teleportation {unknown}
 n - a scroll of enchant armour {unknown}
Potions
 j - a potion of curing {unknown}
 k - a potion of cure mutation {unknown}
 m - a potion of degeneration {unknown}
Books
 b - a book of Flames

   Spells                             Type                      Level
   a - Flame Tongue                   Conjuration/Fire             1
   b - Throw Flame                    Conjuration/Fire             2
   c - Conjure Flame                  Conjuration/Fire             3
   d - Inner Flame                    Hexes/Fire                   3
   e - Sticky Flame                   Conjuration/Fire             4
   f - Fireball                       Conjuration/Fire             5
Comestibles
 c - 2 meat rations
 g - 2 slices of pizza
 i - 4 chunks of flesh


   Skills:
 + Level 2.8 Dodging
 + Level 2.8 Stealth
 + Level 2.2 Spellcasting
 + Level 1.1 Conjurations
 + Level 3.5 Fire Magic


You had 3 spell levels left.
You knew the following spells:

 Your Spells              Type           Power        Failure   Level  Hunger
a - Flame Tongue          Conj/Fire      #....        12%         1    #......
b - Throw Flame           Conj/Fire      #.....       17%         2    ###....


Dungeon Overview and Level Annotations

Branches:
Dungeon (2/15)

Altars:

Annotations:
D:2 Natasha


Innate Abilities, Weirdness & Mutations

You are small and have problems with some larger weapons.
You are carnivorous and can eat meat at any time.


Message History

Natasha closely misses you.
Casting: Flame Tongue
Confirm with . or Enter, or press ? or * to list all spells.
You don't have enough magic to cast that spell.
You hit Natasha.
Natasha is almost dead.
Natasha barely misses you.
You barely miss Natasha.
Natasha is almost dead.
Natasha claws you but does no damage.
You hit Natasha but do no damage.
Natasha is almost dead.
Natasha claws you!
Ouch! That really hurt!
* * * LOW HITPOINT WARNING * * *
You barely miss Natasha.
Natasha is almost dead.
Natasha casts a spell at you. The magic dart hits you!
You die...

# #. #. ## # .#
. #.##b .#####
.##...h##....#
#......@....#
......#####.###
... #. ##..#
...##. ##.>##
#.....##..##
..%.>....##
##........#
..........#
#####
..........#
#...#


You could see Natasha and a bat.

Vanquished Creatures
  A worm (D:2)
  2 giant cockroaches (D:1)
  2 goblins (D:1)
  4 hobgoblins
  3 kobolds (D:1)
  2 bats (D:2)
  3 giant newts (D:1)
  2 rats (D:1)
19 creatures vanquished.

Notes
Turn   | Place    | Note
-------+----------+-------------------------------------------
     0 | D:1      | Gagarin the Kobold Fire Elementalist began the quest for the Orb.
     0 | D:1      | Reached XP level 1. HP: 10/10 MP: 3/3
   279 | D:1      | Reached XP level 2. HP: 15/15 MP: 3/5
   292 | D:1      | Learned a level 2 spell: Throw Flame
   452 | D:1      | Reached skill level 1 in Conjurations
  1059 | D:2      | Reached XP level 3. HP: 19/19 MP: 3/6
  1075 | D:2      | Noticed Natasha
  1085 | D:2      | Killed from afar by Natasha

Vault maps used:
D:1:      ncdulo_lavacross, serial_bayou, serial_bayou_crossing,
          serial_bayou_pond_e, serial_bayou_shore_b, serial_bayou_pond_e,
          serial_bayou_pond_a
D:2:      first_bread, corexii_item_surrounded_by_moat,
          nicolae_ru_sacrificial_ziggurat, uniq_natasha, uniq_iyjb,
          uniq_crazy_yiuf_cottage

Skill      XL: |  1  2 |
---------------+-------+-----
Conjurations   | 1 |  1.1
Dodging        | |  2.8
Stealth        | |  2.8
Spellcasting   | |  2.2
Fire Magic     | |  3.5

Action                   || total
-------------------------++-------
Melee: Unarmed           ||     4
       Dagger            ||     7
 Cast: Flame Tongue      ||    34
       Throw Flame       ||     6
 Stab: Sleeping          ||     2
  Eat: Chunk             ||    10
Armor: Robe              ||     3
Dodge: Dodged            ||    25
